 Dungeon Crawl Stone Soup version 0.18-a0-1702-gd20c6a5 (webtiles) character file.

1612 namelastname112 the Carver (level 8, 0/63 HPs)
             Began as a Black Draconian Chaos Knight on Apr 7, 2016.
             Slain by a chaos spawn (10 damage)
             ... summoned by Xom
             ... on level 6 of the Dungeon.
             The game lasted 00:13:00 (7960 turns).

namelastname112 the Carver (DrCK)                   Turns: 7960, Time: 00:13:01

Health: 0/63       AC: 10    Str:  9    XL:     8   Next: 63%
Magic:  3/8        EV: 14    Int: 12    God:    Xom [......]
Gold:   200        SH:  0    Dex: 12    Spells: 0 memorised, 7 levels left

rFire  . . .     SeeInvis .     a - +0 falchion (chaos)
rCold  . . .     Gourm    +     (armour unavailable)
rNeg   . . .     Faith    .     (no shield)
rPois  .         Spirit   .     (helmet restricted)
rElec  +         Dismiss  .     (no cloak)
rCorr  .         Reflect  .     D - +0 pair of gloves
SustAt .         Harm     .     G - +2 pair of boots
MR     .....                    H - amulet of the gourmand
Stlth  +.........               (no ring)
                                u - -3 ring of strength (curse)

@: short of breath, not resistant to hostile enchantments, very unstealthy
A: breathe lightning, unfitting armour, blurry vision 1, dopey 1, frail 1,
electricity resistance, weak 1, cold-blooded, AC +6
a: Breathe Lightning, Renounce Religion


You were on level 6 of the Dungeon.
You worshipped Xom.
You were a very special plaything of Xom.
You were full.

You visited 1 branch of the dungeon, and saw 6 of its levels.
You also visited: Sewer.

You collected 200 gold pieces.

Inventory:

Hand Weapons
 a - a +0 falchion of chaos (weapon)
 j - a +0 scimitar
Missiles
 t - 2 throwing nets (quivered)
Armour
 D - a +0 pair of gloves (worn)
 E - a +0 shield
 G - a +2 pair of boots (worn)
Jewellery
 l - an uncursed ring of ice
 u - a cursed -3 ring of strength (left hand)
 F - an uncursed ring of stealth {unknown}
 H - an amulet of the gourmand (around neck)
 K - a cursed ring of teleportation {unknown}
Wands
 r - a wand of iceblast (1/15)
 x - a wand of flame (20/48)
 y - a wand of random effects (22/48)
 J - a wand of confusion (27/48)
 L - a wand of lightning (3/15)
Scrolls
 e - a scroll of teleportation {unknown}
 h - 3 scrolls of identify {unknown}
 i - a scroll of magic mapping {unknown}
 n - a scroll of fear {unknown}
 p - 2 scrolls of remove curse {unknown}
 q - a scroll of random uselessness {unknown}
 w - a scroll of recharging {unknown}
 z - a scroll of enchant weapon {unknown}
 C - a scroll of enchant armour {unknown}
Potions
 c - 7 potions of curing
 d - 3 potions of degeneration {unknown}
 f - 3 potions of agility {unknown}
 g - 2 potions of might {unknown}
 o - 4 potions of flight {unknown}
 s - a potion of berserk rage {unknown}
 v - a potion of cancellation {unknown}
 A - 3 potions of heal wounds {unknown}
 B - 3 potions of brilliance {unknown}
Miscellaneous
 I - a stone of tremors
Comestibles
 b - 7 bread rations
 k - 2 beef jerkies
 m - a meat ration


   Skills:
 + Level 6.5 Fighting
 * Level 8.2 Long Blades
 + Level 5.0 Dodging
 + Level 2.8 Shields


You had 7 spell levels left.
You didn't know any spells.

Dungeon Overview and Level Annotations

Branches:
Dungeon (6/15)
 Temple: D:4-7

Altars:
Ashenzari
Cheibriados
Fedhas
Kikubaaqudgha
Makhleb
Nemelex Xobeh
Vehumet
Xom
Yredelemnul
The Shining One

Shops:
D:6 *


Innate Abilities, Weirdness & Mutations

You can breathe wild blasts of lightning.
Your glossy black scales are hard (AC +6).
Your body does not fit into most forms of armour.
You are resistant to electric shocks.
You are cold-blooded and may be slowed by cold attacks.
Scrolls take you a little longer to read.
You are dopey. (Int -2)
You are frail (-10% HP).
You are weak. (Str -2)


Message History

The chaos spawn gores you but does no damage.
The hellwing completely misses you. The hellwing hits you!
The chaos spawn closely misses you.
Drink which item? (? for menu, Esc to quit)
You feel better.
The iron imp hits you but does no damage.
The chaos spawn hits you. The chaos spawn freezes you!
* * * LOW HITPOINT WARNING * * *
The hellwing hits you.
* * * LOW HITPOINT WARNING * * *
The hellwing hits you.
* * * LOW HITPOINT WARNING * * *
The chaos spawn barely misses you.
Unknown command.
Drink which item? (? for menu, Esc to quit)
You feel better. The iron imp hits you!
* * * LOW HITPOINT WARNING * * *
The chaos spawn hits you!
You die... "It was about time."

#.# #.# ####.#
#....## #.##..######
#.#........##
#....####...##
#..###..###..#
#.##@3....##.#
#..453##.....# ###
#....####....# ##.##
#....####....# ##.#.#
#.....##.....###.#>..
#.##......##..###...#
#..###..###...# ##.##
#....####.....# #.#
#............## #.#


You could see a hellwing, 2 chaos spawn and an iron imp.

Vanquished Creatures
  Eustachio (D:6)
  2 orc warriors
  A sky beast (D:6)
  A phantom (D:5)
  An ogre (D:5)
  A giant frog (D:6)
  2 hounds
  A jelly (D:6)
  An orc priest (D:5)
  7 orc wizards
  2 iguanas
  Ijyb (D:3)
  6 worker ants
  2 hound skeletons
  3 gnolls (D:3)
  15 adders
  3 river rats
  A shadow imp (D:5)
  An ooze (Sewer)
  6 worms
  5 dart slugs
  3 giant geckos
  13 orcs
  3 giant cockroaches (D:3)
  19 goblins
  14 hobgoblins
  12 jackals
  A quokka (D:6)
  5 ball pythons
  8 bats
  A giant gecko skeleton (D:4)
  12 giant newts
  26 kobolds
  33 rats
213 creatures vanquished.

Vanquished Creatures (collateral kills)
  A river rat (Sewer)
1 creature vanquished.

Grand Total: 214 creatures vanquished

Notes
Turn   | Place    | Note
--------------------------------------------------------------
     0 | D:1      | namelastname112 the Draconian Chaos Knight began the quest for the Orb.
     0 | D:1      | Reached XP level 1. HP: 19/19 MP: 1/1
    77 | D:1      | Reached XP level 2. HP: 13/26 MP: 2/2
   422 | D:1      | XOM: harmless Air miscast
   444 | D:1      | XOM: harmless Ice miscast
   527 | D:1      | Reached XP level 3. HP: 30/31 MP: 3/3
   583 | D:1      | XOM: harmless Hex miscast
   871 | D:2      | Reached skill level 4 in Long Blades
  1025 | D:2      | Found a glowing golden altar of the Shining One.
  1107 | D:2      | XOM: harmless Necr miscast
  1175 | D:2      | XOM: divination: detect items
  1476 | D:2      | Reached XP level 4. HP: 38/40 MP: 4/4
  1803 | D:2      | XOM: silly message
  1913 | D:3      | Found a radiant altar of Vehumet.
  2103 | D:3      | XOM: cast spell 'Summon Small Mammal'
  2105 | D:3      | Noticed an orc warrior
  2109 | D:3      | XOM: harmless Pois miscast
  2111 | D:3      | XOM: potion effect (curing)
  2114 | D:3      | Reached XP level 5. HP: 39/46 MP: 5/5
  2127 | D:3      | Found a blossoming altar of Fedhas.
  2141 | D:3      | XOM: potion effect (heal wounds)
  2185 | D:3      | XOM: divination: detect items
  2197 | D:3      | XOM: potion effect (curing)
  2200 | D:3      | XOM: potion effect (might)
  2207 | D:3      | Killed an orc warrior
  2207 | D:3      | Reached skill level 5 in Long Blades
  2210 | D:3      | Reached XP level 6. HP: 28/53 MP: 6/6
  2238 | D:3      | XOM: silly message
  2337 | D:3      | XOM: harmless Trmt miscast
  2463 | D:3      | Noticed Ijyb
  2477 | D:3      | Killed Ijyb
  2652 | D:3      | XOM: harmless Air miscast
  2706 | D:3      | XOM: noise
  2728 | D:3      | XOM: harmless Chrm miscast
  2753 | D:3      | Reached skill level 5 in Fighting
  2753 | D:3      | Reached skill level 6 in Long Blades
  3315 | D:4      | Your scales start taking on a glossy black colour.
  3315 | D:4      | Reached XP level 7. HP: 56/61 MP: 7/7
  3315 | D:4      | Gained mutation: You are resistant to electric shocks. [Black Draconian growth]
  3424 | D:4      | Found a radiant altar of Vehumet.
  3462 | D:4      | Found an ancient bone altar of Kikubaaqudgha.
  3516 | D:4      | XOM: silly message
  3591 | D:4      | XOM: confuse monster(s)
  3622 | D:4      | Found a glowing drain.
  3629 | D:4      | XOM: harmless Erth miscast
  3630 | D:4      | XOM: scenery: create altars
  3648 | Sewer    | Entered a sewer
  3866 | Sewer    | XOM: summons friendly quasit
  4019 | Sewer    | XOM: god gift: dark potion
  4208 | Sewer    | XOM: summons 2 hostile demons
  4277 | D:4      | Found Qocuudum's Food Shop.
  4460 | D:4      | epen: хули у тебя так много зрителей было?
  4583 | D:4      | Found a burning altar of Makhleb.
  4877 | D:4      | Found a shattered altar of Ashenzari.
  4878 | D:4      | epen: вон маклебу молись
  4896 | D:4      | epen: чё ты
  4970 | D:4      | XOM: harmless Hex miscast
  5073 | D:5      | Entered Level 5 of the Dungeon
  5119 | D:5      | epen: сука
  5119 | D:5      | namelastname112: потом
  5119 | D:5      | epen: муравей берснул
  5119 | D:5      | epen: ты видел?
  5119 | D:5      | namelastname112: сначала веселье
  5119 | D:5      | namelastname112: ну бля
  5119 | D:5      | namelastname112: ты мою саблю видел?
  5119 | D:5      | namelastname112: конечно он берснул
  5237 | D:5      | XOM: silly message
  5253 | D:5      | Found a basalt altar of Yredelemnul.
  5254 | D:5      | Found a sparkling altar of Nemelex Xobeh.
  5261 | D:5      | Found a snail-covered altar of Cheibriados.
  5347 | D:5      | XOM: colour smoke trail
  5348 | D:5      | epen: что делает хаос?
  5376 | D:5      | namelastname112: дохуя чке
  5376 | D:5      | namelastname112: че*
  5376 | D:5      | namelastname112: все бренды рандомно
  5376 | D:5      | namelastname112: может сделать врага инвизным
  5376 | D:5      | namelastname112: конфузнуть
  5376 | D:5      | namelastname112: парализовать
  5376 | D:5      | namelastname112: в камень превратить
  5376 | D:5      | namelastname112: замедлить
  5376 | D:5      | namelastname112: ускорить
  5376 | D:5      | namelastname112: сделать копию врага
  5376 | D:5      | namelastname112: берсануть
  5384 | D:5      | Reached skill level 7 in Long Blades
  5387 | D:5      | epen: а ещё ксом настолько охуенный, что у него пити идут не по порядку
  5398 | D:5      | epen: лол
  5421 | D:5      | XOM: confuse monster(s)
  5426 | D:5      | Reached skill level 1 in Shields
  5426 | D:5      | epen: копию 27-головой гидры
  5426 | D:5      | epen: ммм
  5426 | D:5      | Reached XP level 8. HP: 10/70 MP: 8/8
  5712 | D:5      | namelastname112: не
  5712 | D:5      | namelastname112: у ксома она рандомно меняется
  5712 | D:5      | namelastname112: чем правее
  5712 | D:5      | namelastname112: тем он добрее
  5776 | D:5      | XOM: 1-stop teleportation journey
  5797 | D:5      | XOM: polymorph centaur -> iguana
  6171 | D:5      | Found a burning altar of Makhleb.
  6357 | D:5      | epen: пойду в магаз схожу
  6401 | D:5      | XOM: god gift: dented ruby amulet {god gift}
  6466 | D:5      | XOM: god gift: stone of tremors
  6565 | D:6      | Found Zigokeel's General Store.
  6593 | D:6      | Noticed Eustachio
  6615 | D:6      | XOM: summons 4 friendly demons
  6620 | D:6      | Killed Eustachio
  6851 | D:6      | XOM: fog
  7104 | D:6      | XOM: cast spell 'Monstrous Menagerie'
  7166 | D:5      | XOM: cast spell 'Necromutation'
  7202 | D:6      | XOM: cast spell 'Shadow Creatures'
  7217 | D:6      | XOM: divination: detect creatures
  7220 | D:6      | XOM: give mutations
  7220 | D:6      | Gained mutation: You are weak. (Str -2) [Xom's mischief]
  7220 | D:6      | Gained mutation: Scrolls take you a little longer to read. [Xom's mischief]
  7525 | D:6      | XOM: give mutations
  7525 | D:6      | Gained mutation: You are dopey. (Int -2) [Xom's mischief]
  7525 | D:6      | Gained mutation: You are frail (-10% HP). [Xom's mischief]
  7636 | D:6      | epen: молнией бы плюнул
  7691 | D:6      | epen: чё ты
  7839 | D:6      | Reached skill level 8 in Long Blades
  7839 | D:6      | Reached skill level 5 in Dodging
  7867 | D:6      | XOM: swap monsters
  7950 | D:6      | XOM: summons 4 hostile demons
  7951 | D:6      | Noticed a hellwing
  7960 | D:6      | epen: лол
  7960 | D:6      | epen: какой ксом добрый
  7960 | D:6      | namelastname112: ну все
  7960 | D:6      | namelastname112: приехали
  7960 | D:6      | namelastname112: лол
  7960 | D:6      | Slain by a chaos spawn

Vault maps used:
D:1:      dpeg_arrival_another_circle
D:2:      nicolae_overflow_crystal_walls, first_bread
D:3:      kennysheep_goblin_castle, lemuel_doored_altar, eino_tiny_chamber,
          fedhas_altar_1
D:4:      kennysheep_mini, kiku_gazebo_pond_becter, overflow_temple_1_default,
          serial_shops, shop, portal_sewer_entry_b, serial_co_window_serial,
          co_window_corner_a, co_window_paths_a, co_window_paths_a,
          co_window_paths_b, co_window_paths_a, co_window_paths_a,
          co_window_corner_b, co_window_broadway_a, co_window_cross_4,
          co_window_corner_cb, co_window_2corner, vehumet_altar_wand_db
D:5:      grunt_temple_overflow_open, basic_altar
D:6:      nicolae_ru_path_of_blood, minmay_temple_entry_nine_rooms,
          serial_shops, kennysheep_little_box, corner_web_ring,
          minmay_misc_feat_iff, uniq_eustachio
Sewer:    sewer_minmay_treatment

Skill      XL: |  1  2  3  4  5  6  7  8 |
---------------+-------------------------+-----
Long Blades    | 4 5 6 7 8 |  8.2
Fighting       | 4 5 6 |  6.5
Dodging        | 3 4 5 |  5.0
Shields        | 1 2 |  2.8

Action                   |  1- 3 |  4- 6 |  7- 9 || total
-------------------------+-------+-------+-------++-------
Melee: Falchion          |   125 |   228 |   361 ||   714
       Scimitar          |       |       |    10 ||    10
 Abil: Breathe Lightning |       |       |    10 ||    10
Evoke: Wand              |       |     2 |       ||     2
  Use: Scroll            |       |       |     1 ||     1
       Potion            |       |       |     3 ||     3
 Stab: Sleeping          |     1 |     1 |       ||     2
       Paralysed         |       |       |     1 ||     1
       Distracted        |       |       |     1 ||     1
  Eat: Chunk             |     2 |     6 |    24 ||    32
